 Dungeon Crawl Stone Soup version 0.21-a0-552-g593960dda5 (webtiles) character file.

464 Ilyson the Chopper (level 6, -1/56 HPs)
             Began as a Minotaur Berserker on Dec 17, 2017.
             Was a Priest of Trog.
             Slain by a centaur skeleton (3 damage)
             ... on level 4 of the Dungeon.
             The game lasted 00:15:42 (2901 turns).

Ilyson the Chopper (Minotaur Berserker)             Turns: 2901, Time: 00:15:43

Health: -1/56      AC: 10    Str: 22    XL:     6   Next: 80%
Magic:  5/5        EV:  9    Int:  4    God:    Trog [***...]
Gold:   187        SH:  0    Dex: 11    Spells: 5/5 levels left

rFire    . . .     SeeInvis .   a - +0 hand axe
rCold    . . .     Gourm    .   (no shield)
rNeg     . . .     Faith    .   r - +0 chain mail
rPois    .         Spirit   .   (helmet restricted)
rElec    .         Reflect  .   (no cloak)
rCorr    .         Harm     .   m - +0 pair of gloves
MR       ++...                  (no boots)
Stlth    ..........             (no amulet)
HPRegen  1.18/turn              (no ring)
MPRegen  0.09/turn              (no ring)

@: berserk cooldown, regenerating, slowed, very slow
A: retaliatory headbutt, horns 2
a: Berserk, Trog's Hand, Burn Spellbooks, Renounce Religion


You were on level 4 of the Dungeon.
You worshipped Trog.
Trog was most pleased with you.
You were very hungry.

You visited 1 branch of the dungeon, and saw 4 of its levels.

You collected 187 gold pieces.

Inventory:

Hand Weapons
 a - a +0 hand axe (weapon)
Armour
 h - a +0 ring mail
 m - a +0 pair of gloves (worn)
 r - a +0 chain mail (worn)
Jewellery
 n - an uncursed amulet of harm {unknown}
Scrolls
 c - a scroll of enchant armour {unknown}
 d - a scroll of fear {unknown}
 e - 6 scrolls of identify {unknown}
 g - a scroll of immolation {unknown}
 l - 2 scrolls of teleportation {unknown}
 p - a scroll of noise {unknown}
 w - a scroll of amnesia {unknown}
Potions
 b - a potion of might {unknown}
 f - a potion of magic {unknown}
 i - a potion of brilliance {unknown}
 k - a potion of lignification {unknown}
 s - a potion of curing {unknown}
 t - 2 potions of degeneration {unknown}
 u - a potion of mutation {unknown}
Books
 q - a book of Flames

   Spells                             Type                      Level
   a - Flame Tongue                   Conjuration/Fire             1
   b - Throw Flame                    Conjuration/Fire             2
   c - Conjure Flame                  Conjuration/Fire             3
   d - Inner Flame                    Hexes/Fire                   3
   e - Sticky Flame                   Conjuration/Fire             4
   f - Fireball                       Conjuration/Fire             5
   Trog disapproves of the use of such an item.
Comestibles
 j - 2 royal jellies
 o - 3 fruits
 v - 4 chunks of flesh


   Skills:
 + Level 5.3 Fighting
 * Level 6.1 Axes
 + Level 4.7 Armour
 + Level 4.2 Dodging


You had 5 spell levels left.
You didn't know any spells.

Dungeon Overview and Level Annotations

Branches:
Dungeon (4/15)
 Temple: D:4-7

Altars:
Cheibriados
Ru
Yredelemnul

Annotations:
D:4 tsumetai's ghost, novice HOGl


Innate Abilities, Weirdness & Mutations

You reflexively headbutt those who attack you in melee.
You have a pair of horns on your head.


Message History

Tsumetai's ghost wails.
Tsumetai's ghost hits you!
* * * LOW HITPOINT WARNING * * *
The centaur skeleton barely misses you.
You closely miss tsumetai's ghost. Your headbutt misses tsumetai's ghost.
Tsumetai's ghost is severely damaged.
You slash the centaur skeleton! The centaur skeleton hits you.
* * * LOW HITPOINT WARNING * * *
Tsumetai's ghost hits you.
* * * LOW HITPOINT WARNING * * *
The centaur skeleton closely misses you.
Tsumetai's ghost hits you.
* * * LOW HITPOINT WARNING * * *
You miss tsumetai's ghost. Your headbutt misses tsumetai's ghost.
Tsumetai's ghost is severely damaged.
You hit the centaur skeleton.
You feel the effects of Trog's Hand fading.
The centaur skeleton closely misses you.
Tsumetai's ghost barely misses you. The centaur skeleton hits you.
You die...

..## ......#....##...#
...#####
#.......##.######
.#.....## ..###...##.#
######..#.# ##..†##.#
##....# ##.....#.##.
#<...## #..##.......
......##...##.#.........
.###### ##......#..##.#.
........@Z## ...
###.##.#W......#
#.#..#..####(. ....##?>#
##.## #..# ... #.## ###
#.# ..#


You could see tsumetai's ghost and a centaur skeleton.

Vanquished Creatures
  A bullfrog (D:3)
  A scorpion (D:4)
  An orc priest (D:4)
  A bullfrog skeleton (D:4)
  Terence (D:2)
  2 iguanas (D:4)
  2 orc wizards (D:4)
  5 adders
  An ooze (D:3)
  2 adder skeletons (D:4)
  3 worms
  2 dart slugs
  3 leopard geckos
  9 orcs
  2 giant cockroaches
  7 goblins
  8 hobgoblins
  6 jackals (D:3)
  A quokka (D:2)
  10 bats
  7 frilled lizards
  12 kobolds
  A quokka skeleton (D:4)
  7 rats
  A spectral orc (D:3)
96 creatures vanquished.

Notes
Turn   | Place    | Note
-------+----------+-------------------------------------------
     0 | D:1      | Ilyson the Minotaur Berserker began the quest for the Orb.
     0 | D:1      | Reached XP level 1. HP: 19/19 MP: 0/0
   182 | D:1      | Reached XP level 2. HP: 27/27 MP: 1/1
   546 | D:2      | Reached skill level 4 in Axes
   671 | D:2      | Reached XP level 3. HP: 32/33 MP: 2/2
   720 | D:2      | Reached ** piety under Trog
   931 | D:2      | Noticed Terence
   947 | D:2      | Killed Terence
  1047 | D:2      | Reached XP level 4. HP: 41/41 MP: 3/3
  1523 | D:3      | Found a faded altar of an unknown god.
  1571 | D:3      | Found a sacrificial altar of Ru.
  1597 | D:3      | Found a basalt altar of Yredelemnul.
  1648 | D:3      | Reached XP level 5. HP: 42/47 MP: 4/4
  1676 | D:3      | Found a snail-covered altar of Cheibriados.
  1868 | D:3      | Reached skill level 5 in Axes
  1973 | D:3      | Reached *** piety under Trog
  2463 | D:4      | Reached skill level 5 in Fighting
  2463 | D:4      | Reached XP level 6. HP: 21/56 MP: 5/5
  2796 | D:4      | Reached skill level 6 in Axes
  2867 | D:4      | Noticed tsumetai's ghost (novice HOGl)
  2900 | D:4      | HP: 1/56 [tsumetai's ghost (5)]
  2901 | D:4      | Slain by a centaur skeleton

Vault maps used:
D:1:      saegor_arrival_simple_e, minmay_hexomino_p4
D:2:      serial_bayou_pond_b, minmay_vboxes, uniq_terence
D:3:      kennysheep_slug_shrine, yredelemnul_forgotten_temple_becter,
          lemuel_crystal_altar, chequers_ecumenical_altar_simple
D:4:      nicolae_overflow_hidden_temple, gup_sewer_entry_bubbles

Skill      XL: |  1  2  3  4  5  6 |
---------------+-------------------+-----
Fighting       | 4 5 |  5.3
Axes           | 4 5 6 |  6.1
Armour         | 3 4 |  4.7
Dodging        | 3 4 |  4.2

Action                   |  1- 3 |  4- 6 || total
-------------------------+-------+-------++-------
Melee: Hand axe          |    58 |   185 ||   243
       Headbutt          |     4 |    31 ||    35
Invok: Berserk           |     2 |     3 ||     5
       Trog's Hand       |       |     1 ||     1
  Eat: Chunk             |     1 |     5 ||     6
       Bread ration      |     1 |       ||     1
Armor: Animal skin       |     5 |       ||     5
       Ring mail         |     6 |    14 ||    20
       Chain mail        |       |    47 ||    47
Dodge: Dodged            |    40 |    75 ||   115

Table legend:
 A = Spawn XP
 B = Non-spawn XP
 C = Spawn XP percentage of total XP
 D = Spawn monster count
 E = Non-spawn monster count
 F = Spawn count percentage of total count
 G = Total turns spent on level
                    A         B        C        D         E        F      G
               +---------+---------+-------+---------+---------+-------+---------
         Total |       0 |     664 |   0.0 |       0 |      96 |   0.0 |  2901
               +---------+---------+-------+---------+---------+-------+---------
           D:1 |       0 |      19 |   0.0 |       0 |      13 |   0.0 |   536
           D:2 |       0 |     139 |   0.0 |       0 |      37 |   0.0 |   958
           D:3 |       0 |     194 |   0.0 |       0 |      32 |   0.0 |   923
           D:4 |       0 |     312 |   0.0 |       0 |      14 |   0.0 |   484
               +---------+---------+-------+---------+---------+-------+---------
